 Dungeon Crawl Stone Soup version 0.29.0-4-gdea44cf6ec (webtiles) character file.

Game seed: 12230348796241357776

12021 qw the Blocker (level 11, -8/100 HPs)
             Began as a Troll Cinder Acolyte on Aug 31, 2022.
             Was an Initiate of Ignis.
             Mangled by a death yak (13 damage)
             ... in a Gauntlet.
             The game lasted 00:04:58 (7807 turns).

qw the Blocker (Troll Cinder Acolyte)               Turns: 7807, Time: 00:04:59

Health: -8/100     AC: 15    Str: 28    XL:     11   Next: 57%
Magic:  11/11      EV:  7    Int: 10    God:    Ignis [......]
Gold:   169        SH: 15    Dex:  5    Spells: 12/12 levels left

rFire   + . .      SeeInvis +     - Unarmed
rCold   . . .      Faith    .   b - +0 tower shield
rNeg    . . .      Spirit   .   s - +0 steam dragon scales
rPois   +          Reflect  .   (helmet restricted)
rElec   .          Harm     .   c - +0 cloak
rCorr   .          Rampage  .   (gloves unavailable)
Will    .....      NoTele   +   (boots unavailable)
Stlth   +.........              a - amulet of the acrobat
HPRegen 1.06/turn               j - ring of poison resistance
MPRegen 0.12/turn               q - ring of see invisible

@: fiery-armoured
A: large, unfitting armour, claws 3, regeneration 1, shaggy fur 1, tough skin 1
a: Renounce Religion, Rising Flame


You were in a Gauntlet.
You worshipped Ignis.
Ignis was noncommittal.
You visited 2 branches of the dungeon, and saw 9 of its levels.
You also visited: Gauntlet.

You collected 466 gold pieces.
You spent 297 gold pieces at shops.


Innate Abilities, Weirdness & Mutations

You are too large for most types of armour.
You have claws for hands.
Your natural rate of healing is unusually fast.
You are covered in fur. (AC +1)
You have tough skin. (AC +1)


   Skills:
 - Level 4.1 Fighting
 - Level 3.3 Throwing
 - Level 1.1 Armour
 - Level 1.0 Dodging
 - Level 12.7 Shields
 + Level 11.2 Unarmed Combat
 - Level 1.0 Spellcasting
 - Level 2.1 Fire Magic


You had 12 spell levels left.
You didn't know any spells.
Your spell library contained the following spells:

 Spells                   Type           Power      Damage    Failure   Level
 Scorch                   Fire           8%         2d5       56%         2

Inventory:

Missiles
 e - 2 boomerangs (quivered)
Armour
 b - a +0 tower shield (worn)
 c - a +0 cloak (worn)
 s - +0 steam dragon scales (worn)
 v - a +0 robe of fire resistance
Jewellery
 a - an amulet of the acrobat (around neck)
 f - a ring of fire
 h - a ring of ice
 j - a ring of poison resistance (left claw)
 q - a ring of see invisible (right claw)
 r - a ring of willpower
 u - the ring of the Foremost Invaders {EV+4 Int+4}
   (You found it on level 8 of the Dungeon)

   [ring of evasion]

   EV:        It affects your evasion (+4).
   Int:       It affects your intelligence (+4).
Scrolls
 l - 4 scrolls of identify
 t - 5 scrolls of teleportation
Potions
 g - a potion of haste
 i - 7 potions of heal wounds
 k - 2 potions of cancellation
 m - 2 potions of mutation
 o - 4 potions of might
 p - 7 potions of curing

Dungeon Overview and Level Annotations

Branches:
Dungeon (8/15)             Temple (0/1) D:7            Lair (1/5) D:8
Gauntlet (1/1)

Altars:
Cheibriados
Dithmenos
Elyvilon
Fedhas
Hepliaklqana
Makhleb
Okawaru
Qazlal
Sif Muna
Wu Jian
Yredelemnul
Zin

Shops:
D:3 *   D:7 !

Annotations:
Lair:1 3 runed translucent doors, qw's ghost, journeyman TrCA Gauntlet 9 transporters


Message History

The necromancer is burned by your cloak of flames.
The necromancer is severely wounded.
The death yak gores you!
You miss the necromancer.
The necromancer is severely wounded.
The death yak gores you but does no damage.
The death yak is burned by your cloak of flames.
The death yak is lightly wounded.
The death yak gores you!
The death yak is burned by your cloak of flames.
The death yak is lightly wounded.
The necromancer barely misses you.
You barely miss the necromancer.
The necromancer is severely wounded.
You block the necromancer's attack.
The death yak gores you but does no damage.
The death yak is burned by your cloak of flames.
The death yak is lightly wounded.
The death yak gores you!!
The death yak is burned by your cloak of flames.
The death yak is lightly wounded.
The death yak gores you!!
The death yak is burned by your cloak of flames.
The death yak is lightly wounded.
You mangle the necromancer!!
You kill the necromancer!
You block the death yak's attack. The death yak closely misses you.
You block the death yak's attack.
You barely miss the death yak.
The death yak is lightly wounded.
You block the death yak's attack.
The death yak gores you but does no damage.
You block the death yak's attack. The death yak gores you.
You claw the death yak!
The death yak is moderately wounded.
The death yak gores you!
The death yak is burned by your cloak of flames.
The death yak is moderately wounded.
You block the death yak's attack. The death yak gores you! x2
You die...

#.^.#..¤¤~.¤..#.^.#.....#8#
#...#..¤¤8~...#...#.8...###
#.^.#...¤~....#.^.#.....#
########...###########..###
=[^.!th#...#Y.."^)!..#..#8#
.....#.#...#.#.#.#.#.#..###
#...##.#...#..#.#.#..#..#
#####..#...#.#.#Y#.#.#..###
..^....#...#..#Y@Y#..#..#8#
##.##..#...#.#.#Y#.#.#..###
#...##.#...#..#.#Y#..#..#
.....#G#...#.#.#.#.#.#..###
.....yS#...#.........#..#8#
########...###########..###
#.^.#....~....#.^.#.....#
#...#...~8~...#...#.8...###
#.^.#....~....#.^.#.....#8#


You could see 5 death yaks.

Vanquished Creatures
  A catoblepas (Gauntlet)
  3 centaur warriors (D:8)
  Pikel (D:4)
  A necromancer (Gauntlet)
  An ugly thing (D:8)
  2 cane toads (Lair:1)
  3 gargoyles
  A komodo dragon (Lair:1)
  A slime creature (D:8)
  Prince Ribbit (D:5)
  3 blink frogs (Lair:1)
  Sigmund (D:4)
  A wyvern (D:8)
  4 yaks
  2 steam dragons
  Menkaure (D:7)
  3 water moccasins
  3 orc warriors
  5 black bears
  2 sky beasts
  An ogre (D:7)
  4 centaurs
  3 lemures (D:4)
  A kobold brigand (D:6)
  Blork the orc (D:6)
  7 bullfrogs
  4 scorpions (D:6)
  3 necrophages
  9 wights
  6 howler monkeys (D:8)
  6 orc priests
  A jelly (D:7)
  5 hounds
  2 gnoll boudas (D:7)
  Crazy Yiuf (D:2)
  An iguana (D:4)
  Natasha (thrice) (D:2)
  9 orc wizards
  4 hell rats (Lair:1)
  27 gnolls
  9 adders
  3 white imps
  An ufetubus (D:6)
  2 worms
  34 orcs
  17 ball pythons
  4 endoplasms
  5 giant cockroaches
  5 goblins
  6 hobgoblins
  2 jackals (D:1)
  3 quokkas
  3 bats
  5 frilled lizards
  4 kobolds (D:1)
  10 rats
251 creatures vanquished.

Vanquished Creatures (others)
  3 fungi (D:2)
3 creatures vanquished.

Grand Total: 254 creatures vanquished

Notes
Turn   | Place    | Note
-------+----------+-------------------------------------------
     0 | D:1      | qw the Troll Cinder Acolyte began the quest for the Orb.
     0 | D:1      | Reached XP level 1. HP: 22/22 MP: 1/1
     0 | D:1      | 0 ||| qw: Version: 0.1-a-97-g2dd2ca4
     0 | D:1      | 0 ||| qw: Game counter: 4563
     0 | D:1      | 0 ||| qw: Always use a shield: true
     0 | D:1      | 0 ||| qw: God list: Okawaru
     0 | D:1      | 0 ||| qw: Allow faded altars: false
     0 | D:1      | 0 ||| qw: Do Orc after D:15 true
     0 | D:1      | 0 ||| qw: Do second Lair branch before Depths: true
     0 | D:1      | 0 ||| qw: Lair rune preference: random
     0 | D:1      | 0 ||| qw: Plans: Normal
     0 | D:1      | 0 ||| PLANNING D:1-11
    65 | D:1      | 65 ||| Stepping ~*~*~tactically~*~*~ (stealth).
    66 | D:1      | 66 ||| Stepping ~*~*~tactically~*~*~ (stealth).
    70 | D:1      | 70 ||| Stepping ~*~*~tactically~*~*~ (outnumbered).
    71 | D:1      | 71 ||| Stepping ~*~*~tactically~*~*~ (outnumbered).
    72 | D:1      | 72 ||| Stepping ~*~*~tactically~*~*~ (outnumbered).
    73 | D:1      | 73 ||| Stepping ~*~*~tactically~*~*~ (outnumbered).
    74 | D:1      | 74 ||| Stepping ~*~*~tactically~*~*~ (outnumbered).
    76 | D:1      | 76 ||| Stepping ~*~*~tactically~*~*~ (outnumbered).
    77 | D:1      | 77 ||| Stepping ~*~*~tactically~*~*~ (outnumbered).
    78 | D:1      | 78 ||| Stepping ~*~*~tactically~*~*~ (outnumbered).
    79 | D:1      | 79 ||| Stepping ~*~*~tactically~*~*~ (outnumbered).
    80 | D:1      | 80 ||| Stepping ~*~*~tactically~*~*~ (outnumbered).
    81 | D:1      | 81 ||| Stepping ~*~*~tactically~*~*~ (outnumbered).
    82 | D:1      | 82 ||| Stepping ~*~*~tactically~*~*~ (outnumbered).
    83 | D:1      | 83 ||| Stepping ~*~*~tactically~*~*~ (outnumbered).
    84 | D:1      | 84 ||| Stepping ~*~*~tactically~*~*~ (outnumbered).
    85 | D:1      | 85 ||| INVOKING Fiery Armour.
    86 | D:1      | 86 ||| Stepping ~*~*~tactically~*~*~ (outnumbered).
    87 | D:1      | 87 ||| Stepping ~*~*~tactically~*~*~ (outnumbered).
    88 | D:1      | 88 ||| Stepping ~*~*~tactically~*~*~ (outnumbered).
    89 | D:1      | 89 ||| Stepping ~*~*~tactically~*~*~ (outnumbered).
    91 | D:1      | Reached XP level 2. HP: 29/29 MP: 2/2
    94 | D:1      | 94 ||| Stepping ~*~*~tactically~*~*~ (stealth).
    95 | D:1      | 95 ||| Stepping ~*~*~tactically~*~*~ (stealth).
   144 | D:1      | 144 ||| Stepping ~*~*~tactically~*~*~ (stealth).
   153 | D:1      | 153 ||| Stepping ~*~*~tactically~*~*~ (stealth).
   158 | D:1      | 158 ||| Stepping ~*~*~tactically~*~*~ (stealth).
   159 | D:1      | 159 ||| Stepping ~*~*~tactically~*~*~ (stealth).
   160 | D:1      | 160 ||| Stepping ~*~*~tactically~*~*~ (stealth).
   215 | D:1      | 215 ||| Stepping ~*~*~tactically~*~*~ (stealth).
   223 | D:1      | 223 ||| Stepping ~*~*~tactically~*~*~ (stealth).
   246 | D:1      | 246 ||| Stepping ~*~*~tactically~*~*~ (stealth).
   256 | D:1      | Reached XP level 3. HP: 33/36 MP: 3/3
   471 | D:1      | 471 ||| Stepping ~*~*~tactically~*~*~ (stealth).
   537 | D:1      | 537 ||| UPGRADING to +0 tower shield.
   542 | D:1      | 542 ||| READING scroll labelled XIL HUQIELOUC.
   547 | D:1      | 547 ||| READING scroll labelled SIENUE UWARE.
   683 | D:2      | Noticed Natasha
   695 | D:2      | Killed Natasha
   696 | D:2      | Reached skill level 1 in Shields
   702 | D:2      | Identified the +3 mace "Ussudaahas" {antimagic, +Blink}
   724 | D:2      | 724 ||| INVOKING Fiery Armour.
   728 | D:2      | 728 ||| Stepping ~*~*~tactically~*~*~ (outnumbered).
   730 | D:2      | Reached XP level 4. HP: 44/44 MP: 4/4
   734 | D:2      | Reached skill level 2 in Shields
   758 | D:2      | Noticed Natasha
   764 | D:2      | Killed Natasha
   935 | D:2      | Found a faded altar of an unknown god.
   939 | D:2      | 939 ||| UPGRADING to ring of poison resistance.
   940 | D:2      | 940 ||| READING scroll labelled WIOF TEPUGEA.
   943 | D:2      | 943 ||| READING scroll labelled HOWIBI PEACZI.
   948 | D:2      | Reached skill level 3 in Shields
  1061 | D:2      | Reached XP level 5. HP: 50/50 MP: 5/5
  1062 | D:2      | 1062 ||| INVOKING Fiery Armour.
  1092 | D:2      | Noticed Natasha
  1097 | D:2      | Killed Natasha
  1371 | D:2      | Found a runed translucent door.
  1372 | D:2      | Noticed Crazy Yiuf
  1468 | D:2      | 1468 ||| READING scroll labelled LUDISHEMET.
  1574 | D:2      | 1574 ||| Stepping randomly (stuck).
  1578 | D:2      | Killed Crazy Yiuf
  1579 | D:2      | Reached skill level 4 in Shields
  1597 | D:2      | 1597 ||| UPGRADING to +0 cloak.
  1739 | D:3      | Found an ornate altar of the Wu Jian Council.
  2036 | D:3      | Found a glowing silver altar of Zin.
  2069 | D:3      | Found a stormy altar of Qazlal.
  2143 | D:3      | Found an iron altar of Okawaru.
  2185 | D:3      | Found Ulooced's Assorted Antiques.
  2199 | D:3      | 2199 ||| BUYING black potion (21 gold).
  2199 | D:3      | Bought a black potion for 21 gold pieces
  2199 | D:3      | 2199 ||| BUYING cyan potion (21 gold).
  2199 | D:3      | Bought a cyan potion for 21 gold pieces
  2199 | D:3      | 2199 ||| BUYING cyan potion (21 gold).
  2199 | D:3      | Bought a cyan potion for 21 gold pieces
  2199 | D:3      | 2199 ||| BUYING scroll labelled CUASAC KAROAT (24 gold).
  2199 | D:3      | Bought a scroll labelled CUASAC KAROAT for 24 gold pieces
  2199 | D:3      | 2199 ||| SHOPLISTING scroll labelled SYGEME LEFEA (24 gold,
                  | have 13).
  2199 | D:3      | 2199 ||| SHOPLISTING scroll of teleportation (72 gold, have
                  | 13).
  2509 | D:3      | 2509 ||| READING scroll labelled KIHYAFUYS LAUQ.
  2510 | D:3      | 2510 ||| READING scroll labelled SONAGI UTTE.
  2511 | D:3      | 2511 ||| READING 2 scrolls labelled ZAF EHEOMUMIR.
  2512 | D:3      | 2512 ||| READING scroll labelled CUASAC KAROAT.
  2513 | D:3      | 2513 ||| DRINKING 4 cyan potions.
  2514 | D:3      | 2514 ||| DRINKING 4 smoky red potions.
  2515 | D:3      | 2515 ||| READING 2 scrolls of identify.
  2515 | D:3      | 2515 ||| IDENTIFYING metallic puce potion
  2516 | D:3      | 2516 ||| DROPPING 3 potions of flight.
  2517 | D:3      | 2517 ||| DROPPING potion of degeneration.
  2518 | D:3      | 2518 ||| DROPPING scroll of poison.
  2545 | D:4      | 2545 ||| Stepping ~*~*~tactically~*~*~ (stealth).
  2547 | D:4      | 2547 ||| Stepping ~*~*~tactically~*~*~ (stealth).
  2550 | D:4      | 2550 ||| INVOKING Fiery Armour.
  2566 | D:4      | Reached XP level 6. HP: 59/59 MP: 6/6
  2578 | D:4      | 2578 ||| Stepping ~*~*~tactically~*~*~ (stealth).
  2594 | D:4      | Reached skill level 1 in Throwing
  2615 | D:4      | 2615 ||| Stepping ~*~*~tactically~*~*~ (stealth).
  2665 | D:4      | Noticed Sigmund
  2666 | D:4      | 2666 ||| Stepping ~*~*~tactically~*~*~ (hiding).
  2695 | D:4      | 2695 ||| INVOKING Fiery Armour.
  2696 | D:4      | Killed Sigmund
  2697 | D:4      | Reached skill level 5 in Shields
  2741 | D:4      | Noticed Pikel
  2742 | D:4      | 2742 ||| Stepping ~*~*~tactically~*~*~ (stealth).
  2747 | D:4      | 2747 ||| Stepping ~*~*~tactically~*~*~ (outnumbered).
  2749 | D:4      | 2749 ||| Stepping ~*~*~tactically~*~*~ (outnumbered).
  2760 | D:4      | 2760 ||| Stepping ~*~*~tactically~*~*~ (stealth).
  2762 | D:4      | 2762 ||| Stepping ~*~*~tactically~*~*~ (stealth).
  2764 | D:4      | 2764 ||| Stepping ~*~*~tactically~*~*~ (hiding).
  2774 | D:4      | 2774 ||| Stepping ~*~*~tactically~*~*~ (outnumbered).
  2779 | D:4      | Killed Pikel
  2780 | D:4      | Reached skill level 7 in Shields
  2780 | D:4      | Reached XP level 7. HP: 47/66 MP: 7/7
  3020 | D:4      | 3020 ||| DRINKING 2 bubbling amethyst potions.
  3021 | D:4      | 3021 ||| DRINKING 3 red potions.
  3022 | D:4      | 3022 ||| DRINKING 2 orange potions.
  3023 | D:4      | 3023 ||| READING 2 scrolls of identify.
  3023 | D:4      | 3023 ||| IDENTIFYING puce potion
  3071 | D:5      | Entered Level 5 of the Dungeon
  3078 | D:5      | Reached XP level 8. HP: 74/74 MP: 8/8
  3117 | D:5      | Found a shimmering blue altar of Sif Muna.
  3254 | D:5      | Found a burning altar of Makhleb.
  3334 | D:5      | Found a shadowy altar of Dithmenos.
  3336 | D:5      | Found a blossoming altar of Fedhas.
  3424 | D:5      | Noticed Prince Ribbit
  3430 | D:5      | Killed Prince Ribbit
  3431 | D:5      | Reached skill level 8 in Shields
  3714 | D:5      | 3714 ||| Stepping ~*~*~tactically~*~*~ (stealth).
  3718 | D:5      | 3718 ||| Stepping ~*~*~tactically~*~*~ (stealth).
  3726 | D:5      | 3726 ||| Stepping ~*~*~tactically~*~*~ (outnumbered).
  3728 | D:5      | 3728 ||| Stepping ~*~*~tactically~*~*~ (outnumbered).
  3826 | D:5      | 3826 ||| Stepping ~*~*~tactically~*~*~ (hiding).
  3827 | D:5      | 3827 ||| Stepping ~*~*~tactically~*~*~ (hiding).
  3833 | D:5      | 3833 ||| Stepping ~*~*~tactically~*~*~ (outnumbered).
  3843 | D:5      | Reached skill level 6 in Unarmed Combat
  3938 | D:5      | Found a hazy altar of Hepliaklqana.
  4074 | D:5      | 4074 ||| READING scroll labelled TUTECW MAFO.
  4075 | D:5      | 4075 ||| DRINKING 2 golden potions.
  4076 | D:5      | 4076 ||| READING 5 scrolls of identify.
  4076 | D:5      | 4076 ||| IDENTIFYING glowing purple potion
  4077 | D:5      | 4077 ||| READING 4 scrolls of identify.
  4077 | D:5      | 4077 ||| IDENTIFYING black potion
  4078 | D:5      | 4078 ||| DROPPING potion of brilliance.
  4079 | D:5      | 4079 ||| DROPPING potion of attraction.
  4090 | D:6      | 4090 ||| INVOKING Fiery Armour.
  4094 | D:6      | 4094 ||| Stepping ~*~*~tactically~*~*~ (outnumbered).
  4095 | D:6      | 4095 ||| Stepping ~*~*~tactically~*~*~ (outnumbered).
  4096 | D:6      | 4096 ||| Stepping ~*~*~tactically~*~*~ (outnumbered).
  4097 | D:6      | 4097 ||| Stepping ~*~*~tactically~*~*~ (outnumbered).
  4098 | D:6      | 4098 ||| Stepping ~*~*~tactically~*~*~ (outnumbered).
  4099 | D:6      | 4099 ||| Stepping ~*~*~tactically~*~*~ (outnumbered).
  4117 | D:6      | 4117 ||| Stepping ~*~*~tactically~*~*~ (stealth).
  4119 | D:6      | 4119 ||| Stepping ~*~*~tactically~*~*~ (stealth).
  4121 | D:6      | 4121 ||| Stepping ~*~*~tactically~*~*~ (hiding).
  4122 | D:6      | 4122 ||| Stepping ~*~*~tactically~*~*~ (hiding).
  4123 | D:6      | 4123 ||| Stepping ~*~*~tactically~*~*~ (hiding).
  4125 | D:6      | 4125 ||| Stepping ~*~*~tactically~*~*~ (outnumbered).
  4136 | D:6      | Noticed Blork the orc
  4146 | D:6      | Killed Blork the orc
  4188 | D:6      | 4188 ||| Stepping ~*~*~tactically~*~*~ (stealth).
  4189 | D:6      | 4189 ||| Stepping ~*~*~tactically~*~*~ (stealth).
  4190 | D:6      | 4190 ||| Stepping ~*~*~tactically~*~*~ (stealth).
  4192 | D:6      | 4192 ||| Stepping ~*~*~tactically~*~*~ (hiding).
  4195 | D:6      | 4195 ||| Stepping ~*~*~tactically~*~*~ (hiding).
  4196 | D:6      | 4196 ||| INVOKING Fiery Armour.
  4197 | D:6      | 4197 ||| Stepping ~*~*~tactically~*~*~ (outnumbered).
  4198 | D:6      | 4198 ||| Stepping ~*~*~tactically~*~*~ (outnumbered).
  4199 | D:6      | 4199 ||| Stepping ~*~*~tactically~*~*~ (outnumbered).
  4202 | D:6      | 4202 ||| Stepping ~*~*~tactically~*~*~ (outnumbered).
  4204 | D:6      | 4204 ||| Stepping ~*~*~tactically~*~*~ (outnumbered).
  4210 | D:6      | 4210 ||| Stepping ~*~*~tactically~*~*~ (outnumbered).
  4270 | D:6      | Reached skill level 9 in Shields
  4270 | D:6      | 4270 ||| Stepping ~*~*~tactically~*~*~ (outnumbered).
  4307 | D:6      | 4307 ||| Stepping ~*~*~tactically~*~*~ (hiding).
  4309 | D:6      | 4309 ||| Stepping ~*~*~tactically~*~*~ (hiding).
  4452 | D:6      | 4452 ||| Stepping ~*~*~tactically~*~*~ (stealth).
  4461 | D:6      | Reached XP level 9. HP: 78/80 MP: 9/9
  4473 | D:6      | 4473 ||| Stepping ~*~*~tactically~*~*~ (outnumbered).
  4474 | D:6      | 4474 ||| Stepping ~*~*~tactically~*~*~ (outnumbered).
  4476 | D:6      | 4476 ||| Stepping ~*~*~tactically~*~*~ (outnumbered).
  4478 | D:6      | 4478 ||| Stepping ~*~*~tactically~*~*~ (outnumbered).
  4479 | D:6      | 4479 ||| Stepping ~*~*~tactically~*~*~ (outnumbered).
  4480 | D:6      | 4480 ||| Stepping ~*~*~tactically~*~*~ (outnumbered).
  4481 | D:6      | 4481 ||| Stepping ~*~*~tactically~*~*~ (outnumbered).
  4482 | D:6      | 4482 ||| Stepping ~*~*~tactically~*~*~ (outnumbered).
  4483 | D:6      | 4483 ||| Stepping ~*~*~tactically~*~*~ (outnumbered).
  4484 | D:6      | 4484 ||| STAIRDANCE
  4490 | D:5      | 4490 ||| UPGRADING to ring of willpower.
  4499 | D:6      | 4499 ||| STAIRDANCE
  4636 | D:6      | 4636 ||| INVOKING Fiery Armour.
  4637 | D:6      | 4637 ||| Stepping ~*~*~tactically~*~*~ (outnumbered).
  4638 | D:6      | 4638 ||| Stepping ~*~*~tactically~*~*~ (outnumbered).
  4639 | D:6      | 4639 ||| Stepping ~*~*~tactically~*~*~ (outnumbered).
  4640 | D:6      | 4640 ||| Stepping ~*~*~tactically~*~*~ (outnumbered).
  4642 | D:6      | 4642 ||| Stepping ~*~*~tactically~*~*~ (outnumbered).
  4643 | D:6      | 4643 ||| Stepping ~*~*~tactically~*~*~ (outnumbered).
  4645 | D:6      | 4645 ||| Stepping ~*~*~tactically~*~*~ (outnumbered).
  4782 | D:6      | 4782 ||| Stepping ~*~*~tactically~*~*~ (outnumbered).
  4844 | D:6      | 4844 ||| INVOKING Fiery Armour.
  4849 | D:6      | Reached skill level 10 in Shields
  4851 | D:6      | 4851 ||| Stepping ~*~*~tactically~*~*~ (outnumbered).
  4858 | D:6      | Reached skill level 3 in Fighting
  4863 | D:6      | Reached skill level 3 in Throwing
  4991 | D:7      | Found a staircase to the Ecumenical Temple.
  4993 | D:7      | 4993 ||| Stepping ~*~*~tactically~*~*~ (stealth).
  4998 | D:7      | 4998 ||| Stepping ~*~*~tactically~*~*~ (stealth).
  4999 | D:7      | Noticed Menkaure
  5000 | D:7      | 5000 ||| Stepping ~*~*~tactically~*~*~ (hiding).
  5001 | D:7      | 5001 ||| Stepping ~*~*~tactically~*~*~ (hiding).
  5012 | D:7      | Killed Menkaure
  5031 | D:7      | 5031 ||| Stepping ~*~*~tactically~*~*~ (hiding).
  5038 | D:7      | 5038 ||| Stepping ~*~*~tactically~*~*~ (hiding).
  5143 | D:7      | 5143 ||| Stepping ~*~*~tactically~*~*~ (hiding).
  5144 | D:7      | 5144 ||| Stepping ~*~*~tactically~*~*~ (hiding).
  5150 | D:7      | Reached skill level 9 in Unarmed Combat
  5158 | D:7      | Reached XP level 10. HP: 82/91 MP: 10/10
  5210 | D:7      | 5210 ||| Stepping ~*~*~tactically~*~*~ (stealth).
  5257 | D:7      | 5257 ||| Stepping ~*~*~tactically~*~*~ (hiding).
  5269 | D:7      | 5269 ||| Stepping ~*~*~tactically~*~*~ (outnumbered).
  5270 | D:7      | 5270 ||| Stepping ~*~*~tactically~*~*~ (outnumbered).
  5285 | D:7      | 5285 ||| Stepping ~*~*~tactically~*~*~ (stealth).
  5291 | D:7      | 5291 ||| Stepping ~*~*~tactically~*~*~ (stealth).
  5294 | D:7      | 5294 ||| Stepping ~*~*~tactically~*~*~ (hiding).
  5296 | D:7      | Found a snail-covered altar of Cheibriados.
  5302 | D:7      | 5302 ||| Stepping ~*~*~tactically~*~*~ (outnumbered).
  5697 | D:7      | Found Dobb's Distillery.
  5706 | D:7      | 5706 ||| BUYING 2 potions of curing (90 gold).
  5706 | D:7      | Bought 2 potions of curing for 90 gold pieces
  5706 | D:7      | 5706 ||| BUYING potion of curing (45 gold).
  5706 | D:7      | Bought a potion of curing for 45 gold pieces
  5706 | D:7      | 5706 ||| SHOPLISTING potion of haste (150 gold, have 132).
  5706 | D:7      | 5706 ||| BUYING potion of heal wounds (75 gold).
  5706 | D:7      | Bought a potion of heal wounds for 75 gold pieces
  5706 | D:7      | 5706 ||| SHOPLISTING potion of might (60 gold, have 57).
  5706 | D:7      | 5706 ||| SHOPLISTING potion of mutation (120 gold, have
                  | 57).
  5743 | D:7      | Found a white marble altar of Elyvilon.
  5859 | D:7      | 5859 ||| UPGRADING to +0 steam dragon scales.
  5869 | D:7      | 5869 ||| DROPPING +0 robe.
  5870 | D:7      | 5870 ||| UPGRADING to ring of see invisible.
  5872 | D:7      | 5872 ||| READING scroll labelled YHYRYTZ BUIFF.
  5872 | D:7      | Identified a scroll of acquirement
  5872 | D:7      | 5872 ||| ACQUIRING amulet of the acrobat
  5872 | D:7      | Acquired an amulet of the acrobat
  5874 | D:7      | 5874 ||| UPGRADING to amulet of the acrobat.
  5909 | D:8      | 5909 ||| STAIRDANCE
  5950 | D:8      | Reached skill level 1 in Armour
  5950 | D:8      | 5950 ||| Stepping ~*~*~tactically~*~*~ (outnumbered).
  5951 | D:8      | 5951 ||| Stepping ~*~*~tactically~*~*~ (outnumbered).
  5993 | D:8      | 5993 ||| Stepping ~*~*~tactically~*~*~ (stealth).
  6035 | D:8      | 6035 ||| Stepping ~*~*~tactically~*~*~ (hiding).
  6098 | D:8      | Found a basalt altar of Yredelemnul.
  6210 | D:8      | Reached skill level 11 in Shields
  6280 | D:8      | Reached skill level 1 in Dodging
  6413 | D:8      | Found a staircase to the Lair.
  6439 | D:8      | 6439 ||| Stepping ~*~*~tactically~*~*~ (stealth).
  6445 | D:8      | 6445 ||| Stepping ~*~*~tactically~*~*~ (outnumbered).
  6460 | D:8      | 6460 ||| Stepping ~*~*~tactically~*~*~ (stealth).
  6512 | D:8      | 6512 ||| Stepping ~*~*~tactically~*~*~ (hiding).
  6555 | D:8      | Noticed a centaur warrior
  6563 | D:8      | Killed a centaur warrior
  6642 | D:8      | Noticed a centaur warrior
  6645 | D:8      | Identified the ring of the Foremost Invaders {EV+4 Int+4}
  6653 | D:8      | Noticed a centaur warrior
  6660 | D:8      | 6660 ||| INVOKING Fiery Armour.
  6660 | D:8      | Killed a centaur warrior
  6716 | D:8      | Killed a centaur warrior
  6717 | D:8      | Reached XP level 11. HP: 98/98 MP: 11/11
  6741 | D:8      | Noticed a white ugly thing
  6754 | D:8      | Killed a white ugly thing
  6788 | D:8      | Reached skill level 12 in Shields
  6911 | D:8      | 6911 ||| PLANNING LAIR
  6911 | D:8      | 6911 ||| DROPPING ring of ice.
  6912 | D:8      | 6912 ||| DROPPING ring of flight.
  6948 | Lair:1   | Entered Level 1 of the Lair of Beasts
  6949 | Lair:1   | 6949 ||| PLANNING GAUNTLET
  7125 | Lair:1   | 7125 ||| INVOKING Fiery Armour.
  7246 | Lair:1   | Found a runed translucent gate.
  7246 | Lair:1   | Found a runed translucent gate.
  7246 | Lair:1   | Noticed qw's ghost (journeyman TrCA)
  7247 | Lair:1   | Found a runed translucent gate.
  7247 | Lair:1   | Noticed an 11-headed hydra
  7276 | Lair:1   | 7276 ||| Stepping ~*~*~tactically~*~*~ (stealth).
  7370 | Lair:1   | Found a gate leading to a gauntlet.
  7371 | Lair:1   | 7371 ||| READING scroll labelled SYGEME LEFEA.
  7380 | Gauntlet | Entered a Gauntlet
  7380 | Gauntlet | Found a transporter.
  7380 | Gauntlet | Found a transporter.
  7384 | Gauntlet | Found a transporter.
  7384 | Gauntlet | Found a transporter.
  7384 | Gauntlet | Found a transporter.
  7392 | Gauntlet | Noticed a death yak
  7393 | Gauntlet | Noticed a death yak
  7394 | Gauntlet | Found a transporter.
  7394 | Gauntlet | Noticed a necromancer
  7394 | Gauntlet | Noticed a death yak
  7395 | Gauntlet | Noticed a death yak
  7398 | Gauntlet | Found a transporter.
  7398 | Gauntlet | Noticed a death yak
  7401 | Gauntlet | Noticed a fire crab
  7406 | Gauntlet | Noticed a fire crab
  7408 | Gauntlet | Found a transporter.
  7412 | Gauntlet | Found the brooch of Shielding {Spirit SH+8}
  7450 | Gauntlet | Found a transporter.
  7450 | Gauntlet | Noticed a catoblepas
  7512 | Gauntlet | Found a transporter.
  7514 | Gauntlet | Found a transporter.
  7516 | Gauntlet | Noticed a harpy
  7516 | Gauntlet | a yak changed into a harpy
  7521 | Gauntlet | a harpy changed into a cane toad
  7522 | Gauntlet | Found a transporter.
  7535 | Gauntlet | Noticed a death drake
  7535 | Gauntlet | a wind drake changed into a death drake
  7538 | Gauntlet | a death drake changed into a guardian serpent
  7546 | Gauntlet | Noticed a wolf spider
  7584 | Gauntlet | 7584 ||| Stepping randomly (stuck).
  7589 | Gauntlet | 7589 ||| Stepping randomly (stuck).
  7590 | Gauntlet | 7590 ||| Stepping randomly (stuck).
  7592 | Gauntlet | 7592 ||| Stepping randomly (stuck).
  7593 | Gauntlet | 7593 ||| Stepping randomly (stuck).
  7594 | Gauntlet | 7594 ||| Stepping randomly (stuck).
  7595 | Gauntlet | 7595 ||| Stepping randomly (stuck).
  7596 | Gauntlet | 7596 ||| Stepping randomly (stuck).
  7597 | Gauntlet | 7597 ||| Stepping randomly (stuck).
  7598 | Gauntlet | 7598 ||| Stepping randomly (stuck).
  7606 | Gauntlet | 7606 ||| INVOKING Fiery Armour.
  7677 | Gauntlet | 7677 ||| Stepping randomly (stuck).
  7679 | Gauntlet | 7679 ||| Stepping randomly (stuck).
  7685 | Gauntlet | 7685 ||| Stepping ~*~*~tactically~*~*~ (cloud).
  7687 | Gauntlet | Noticed a shock serpent
  7691 | Gauntlet | 7691 ||| Stepping ~*~*~tactically~*~*~ (cloud).
  7692 | Gauntlet | Noticed a two-headed ogre
  7692 | Gauntlet | a dream sheep changed into a two-headed ogre
  7693 | Gauntlet | 7693 ||| Stepping ~*~*~tactically~*~*~ (cloud).
  7695 | Gauntlet | a two-headed ogre changed into a swamp worm
  7697 | Gauntlet | 7697 ||| Stepping ~*~*~tactically~*~*~ (cloud).
  7698 | Gauntlet | HP: 24/100 [catoblepas (11)]
  7699 | Gauntlet | 7699 ||| DRINKING 8 potions of heal wounds.
  7700 | Gauntlet | Killed a catoblepas
  7703 | Gauntlet | Noticed a glowing orange brain
  7703 | Gauntlet | a swamp worm changed into a glowing orange brain
  7708 | Gauntlet | a glowing orange brain changed into a moth of wrath
  7709 | Gauntlet | Noticed a lindwurm
  7709 | Gauntlet | a moth of wrath changed into a lindwurm
  7711 | Gauntlet | a lindwurm changed into an eye of devastation
  7715 | Gauntlet | Noticed a lindwurm
  7715 | Gauntlet | an eye of devastation changed into a lindwurm
  7717 | Gauntlet | a lindwurm changed into a merfolk
  7729 | Gauntlet | Noticed a mana viper
  7729 | Gauntlet | a salamander changed into a mana viper
  7730 | Gauntlet | a mana viper changed into a torpor snail
  7746 | Gauntlet | Noticed a fire crab
  7746 | Gauntlet | a culicivora changed into a fire crab
  7747 | Gauntlet | a fire crab changed into a salamander
  7799 | Gauntlet | 7799 ||| INVOKING Fiery Armour.
  7805 | Gauntlet | Killed a necromancer
  7807 | Gauntlet | HP: 19/100 [death yak (13)]
  7807 | Gauntlet | HP: 5/100 [death yak (14)]
  7807 | Gauntlet | Mangled by a death yak

Levels and vault maps discovered:
D:1:      ncdulo_smallfort, layout_rooms, hangedman_decor_opposing
D:2:      layout_loops_ring, nicolae_ecumenical_lake_church,
          uniq_crazy_yiuf_cottage, uniq_natasha
D:3:      layout_loops_corners, mainiacjoe_overflow_small_starburst,
          nzn_wu_jian_contemplation, mainiacjoe_overflow_two_lobes,
          serial_shops, shop
D:4:      layout_rooms, uniq_pikel, uniq_sigmund
D:5:      layout_cave_pods, mainiacjoe_overflow_24_doors,
          nzn_hepliaklqana_mist_gate, nicolae_sif_muna_condensation,
          chequers_temple_overflow_statue_of_worship, uniq_prince_ribbit1
D:6:      minmay_clustersquares, layout_cave_pools, uniq_blork_the_orc
D:7:      layout_loops_ring, elyvilon_altar_4, minmay_temple_entry_arrows,
          serial_shops, kennysheep_mini_moat, grunt_ogre_cave,
          hangedman_decor_diamond_cutter, minmay_ruined_shrine, uniq_menkaure
D:8:      layout_loops_ring, amcnicky_altar_gilded, lair_entry_dummy,
          minmay_evil_grid
Lair:1:   layout_roguey, gauntlet_entry_generic, gammafunk_ghost_hydra_chop,
          nicolae_lair_lakeside_cave
Gauntlet: gammafunk_gauntlet_hard_choice
          [gammafunk_gauntlet_arena_split_diamond,
          gammafunk_gauntlet_arena_spirals, gammafunk_gauntlet_arena_split_x,
          gammafunk_gauntlet_arena_grid, gammafunk_gauntlet_arena_corners,
          nicolae_gauntlet_arena_x, gauntlet_exit_hidden_loot]

Skill      XL: |  1  2  3  4  5  6  7  8  9 10 11 |
---------------+----------------------------------+-----
Unarmed Combat | 4 6 9 10 11 | 11.2
Shields        | 1 3 4 7 9 10 11 12 | 12.7
Throwing       | 1 2 3 |  3.3
Fighting       | 3 4 |  4.1
Armour         | 1 |  1.1
Dodging        | 1 |  1.0
Spellcasting   | |  1.0
Fire Magic     | |  2.1

Action                   |  1- 3 |  4- 6 |  7- 9 | 10-12 || total
-------------------------+-------+-------+-------+-------++-------
Melee: Unarmed           |    84 |    92 |   262 |   287 ||   725
Throw: Large rock        |       |    26 |    29 |    17 ||    72
       Boomerang         |       |       |       |     2 ||     2
Invok: Fiery Armour      |     2 |     3 |     4 |     4 ||    13
  Use: Scroll            |     2 |     8 |     4 |     2 ||    16
       Potion            |       |     2 |     4 |     1 ||     7
Armor: Robe              |    35 |    29 |   102 |     7 ||   173
       Steam dragon scal |       |       |       |    60 ||    60
Dodge: Dodged            |    33 |    17 |    58 |    48 ||   156
Block: Tower shield      |     4 |    44 |   208 |   194 ||   450

Table legend:
 A = Non-vault XP
 B = Vault XP
 C = Vault XP percentage of total XP
 D = Non-vault monster count
 E = Vault monster count
 F = Vault count percentage of total count
                 A         B        C        D         E       F
            +---------+---------+-------+---------+---------+-------
      Total |    8057 |    9116 |  53.1 |     204 |      44 |  17.7
            +---------+---------+-------+---------+---------+-------
        D:1 |      51 |       0 |   0.0 |      35 |       0 |   0.0
        D:2 |     179 |      75 |  29.5 |      19 |       2 |   9.5
        D:3 |      29 |       0 |   0.0 |      11 |       0 |   0.0
        D:4 |     208 |     877 |  80.8 |      17 |       2 |  10.5
        D:5 |     779 |     259 |  25.0 |      19 |       1 |   5.0
        D:6 |    1473 |    1106 |  42.9 |      30 |      17 |  36.2
        D:7 |    1220 |     482 |  28.3 |      27 |       7 |  20.6
        D:8 |    1641 |    3795 |  69.8 |      32 |       9 |  22.0
     Lair:1 |    2477 |     284 |  10.3 |      14 |       2 |  12.5
   Gauntlet |       0 |    2238 | 100.0 |       0 |       4 | 100.0
            +---------+---------+-------+---------+---------+-------
